[Event "Titled Tuesday Blitz November 15 Late 2022"]
[White "Indjic, Aleksandar"]
[Black "Danielyan, Vahe"]
[WhiteFideId "911925"]
[BlackFideId "13304828"]
[WhiteElo "2592"]
[BlackElo "2423"]
[Result "1-0"]
[Round "02"]
[TimeControl "180+1"]
[Date "2022.11.15"]
[WhiteClock "0:00:39"]
[BlackClock "0:00:13"]

1. d4 g6 2. c4 Bg7 3. e4 d6 4. Nc3 Nd7 5. Be3 e5 6. Nge2 Ne7 7. h4 h5 8. Qd2 a5 9. O-O-O b6 10. f3 Bb7 11. Kb1 a4 12. d5 a3 13. b4 f5 14. Bg5 Nf6 15. Nc1 Qd7 16. Nb3 f4 17. c5 Qd8 18. Bb5+ Kf7 19. g3 fxg3 20. Rdg1 Nh7 21. Be3 bxc5 22. bxc5 Ba6 23. Bxa6 Rxa6 24. Rxg3 Bf6 25. Kc2 Ra8 26. c6 Rb8 27. Qg2 Rg8 28. Bg5 Nxg5 29. hxg5 Bg7 30. Rf1 Ke8 31. Qh3 Qc8 32. Qxc8+ Nxc8 33. Nb1 Na7 34. Nxa3 Rf8 35. Rh3 Rf4 36. Nc4 Nb5 37. a4 Nd4+ 38. Nxd4 exd4 39. Nb2 Ke7 40. Nd3 Rff8 41. f4 Ra8 42. Ra1 Ra7 43. Rhh1 Rfa8 44. f5 Be5 45. fxg6 Rh8 46. Rhf1 h4 47. Rf7+ Ke8 48. Raf1 Ra8 49. Nxe5 dxe5 50. g7 Rg8 51. Rxc7 h3 52. d6 h2 53. Re7+ Kd8 54. Rf8+ 1-0


[Site "https://www.chess.com"]

[Event "Titled Tuesday Blitz November 15 Late 2022"]
[White "Janaszak, Dawid"]
[Black "Deac, Bogdan-Daniel"]
[WhiteFideId "1119206"]
[BlackFideId "1226380"]
[WhiteElo "2226"]
[BlackElo "2648"]
[Result "1/2-1/2"]
[Round "02"]
[TimeControl "180+1"]
[Date "2022.11.16"]
[WhiteClock "0:00:45"]
[BlackClock "0:01:27"]

1. e4 g6 2. Nc3 c5 3. Bc4 Bg7 4. h4 h5 5. Qf3 e6 6. d4 cxd4 7. Nb5 d6 8. Bf4 Be5 9. Bxe5 dxe5 10. Qa3 Ne7 11. Nd6+ Kf8 12. Nf3 f6 13. O-O-O Nbc6 14. c3 Qa5 15. Qxa5 Nxa5 16. cxd4 Nxc4 17. Nxc4 exd4 18. e5 Bd7 19. exf6 Nd5 20. Nce5 Be8 21. Nxd4 Rc8+ 22. Kb1 Nxf6 23. Nxe6+ Ke7 24. Rhe1 Rg8 25. Ng5 Kf8 26. Ne6+ Ke7 27. Ng5 Kf8 28. Ne6+ Ke7 1/2-1/2


[Site "https://www.chess.com"]

[Event "Titled Tuesday Blitz November 15 Late 2022"]
[White "Jarmula, Lukasz"]
[Black "Milosevic, Milos"]
[WhiteFideId "1160664"]
[BlackFideId "964875"]
[WhiteElo "2357"]
[BlackElo "2321"]
[Result "1-0"]
[Round "02"]
[TimeControl "180+1"]
[Date "2022.11.16"]
[WhiteClock "0:00:37"]
[BlackClock "0:00:28"]

1. b3 d5 2. Bb2 Nc6 3. Nf3 Bg4 4. g3 f6 5. d4 Qd7 6. Bg2 O-O-O 7. h3 Bh5 8. c4 e5 9. cxd5 Qxd5 10. Nc3 Qa5 11. d5 Bb4 12. Rc1 Nce7 13. O-O Nxd5 14. Nxd5 Rxd5 15. Qc2 Rd7 16. a3 Bd6 17. b4 Qb6 18. Nd2 Bxe2 19. Rfe1 Ba6 20. Ne4 Ne7 21. Nc5 Bxc5 22. bxc5 Qe6 23. Qa4 c6 24. f4 Rhd8 25. fxe5 f5 26. Rcd1 Nd5 27. Qh4 h6 28. Qh5 f4 29. Bf3 Qe7 30. e6 Rc7 31. Bxd5 Qxc5+ 32. Bd4 Qxd5 33. Qg4 Re7 34. Bb6 h5 35. Rxd5 Rxd5 36. Qh4 g5 37. Qxh5 axb6 38. Qh8+ Kc7 39. Qf6 Kd6 40. gxf4 gxf4 41. Qxf4+ Kc5 42. Qb4# 1-0


[Site "https://www.chess.com"]

[Event "Titled Tuesday Blitz November 15 Late 2022"]
[White "Jimenez Almeida, Luis David"]
[Black "Moore, Alex"]
[WhiteFideId "22242244"]
[BlackFideId "30910692"]
[WhiteElo "2158"]
[BlackElo "2111"]
[Result "1-0"]
[Round "02"]
[TimeControl "180+1"]
[Date "2022.11.16"]
[WhiteClock "0:00:40"]
[BlackClock "0:00:10"]

1. e4 c6 2. Nc3 d5 3. Qf3 dxe4 4. Nxe4 Nf6 5. Bc4 e6 6. Ne2 Nxe4 7. Qxe4 Nd7 8. d4 Nf6 9. Qf3 Be7 10. O-O O-O 11. c3 Nd5 12. Re1 b5 13. Bd3 Bb7 14. a4 a6 15. Qh3 g6 16. Bh6 Re8 17. Ng3 bxa4 18. Nh5 Bg5 19. Ng7 Nf4 20. Qf3 Bxh6 21. Nxe8 Qxe8 22. Be4 Qd7 23. Rxa4 Nd5 24. Raa1 Bg7 25. h4 h5 26. Rad1 Nf6 27. Bc2 c5 28. Qg3 cxd4 29. Rxd4 Qc6 30. Red1 Nd5 31. R4d2 Qb6 32. Be4 Nf6 33. Bb1 Ne4 34. Bxe4 Bxe4 35. Qf4 Bf5 36. Kh1 Qd8 37. Rxd8+ 1-0


[Site "https://www.chess.com"]

[Event "Titled Tuesday Blitz November 15 Late 2022"]
[White "Jobava, Baadur"]
[Black "Cardoso Cardoso, Jose Gabriel"]
[WhiteFideId "13601520"]
[BlackFideId "4430492"]
[WhiteElo "2582"]
[BlackElo "2484"]
[Result "0-1"]
[Round "02"]
[TimeControl "180+1"]
[Date "2022.11.15"]
[WhiteClock "0:00:03"]
[BlackClock "0:00:02"]

1. d4 d5 2. Nc3 Nf6 3. Bf4 c5 4. e3 cxd4 5. exd4 a6 6. Bd3 Nc6 7. Nge2 Bg4 8. f3 Bh5 9. h4 Bg6 10. g4 e6 11. h5 Bxd3 12. Qxd3 h6 13. O-O-O Bd6 14. Kb1 Qc7 15. Bxd6 Qxd6 16. Qe3 O-O-O 17. Nf4 Kb8 18. Nd3 Nd7 19. f4 f6 20. Ne2 Nb6 21. b3 Rhe8 22. Rhe1 Nd7 23. Ng3 Re7 24. Qf2 Rde8 25. Re2 a5 26. Rde1 a4 27. Kb2 a3+ 28. Kb1 Nb4 29. Re3 Nxd3 30. Rxd3 Nb6 31. Qd2 Rc8 32. c3 Rec7 33. Ne2 Nd7 34. Re3 Qb6 35. Nc1 Rc6 36. Nd3 Rxc3 37. Nc5 R3xc5 38. dxc5 Nxc5 39. Qd4 Qb5 40. Rc3 Ne4 41. Rxc8+ Kxc8 42. Rc1+ Kd7 43. Qe3 Qb4 44. Qd3 Nd6 45. Qg6 Qe4+ 46. Qxe4 Nxe4 47. Kc2 Kd6 48. Rg1 b5 49. b4 e5 50. fxe5+ fxe5 51. Kd3 Ng5 52. Rf1 Ne6 53. Rf7 e4+ 54. Ke3 Ke5 55. Rf5+ Kd6 56. Rf7 d4+ 57. Ke2 Kd5 58. Re7 Nf4+ 59. Kf2 Nd3+ 60. Kf1 Nxb4 61. Rxg7 d3 62. g5 e3 63. Rd7+ Ke6 0-1


[Site "https://www.chess.com"]

[Event "Titled Tuesday Blitz November 15 Late 2022"]
[White "Joubert, Dantelle"]
[Black "Tanenbaum, Zachary"]
[WhiteFideId "14310813"]
[BlackFideId "2060850"]
[WhiteElo "1507"]
[BlackElo "2175"]
[Result "0-1"]
[Round "02"]
[TimeControl "180+1"]
[Date "2022.11.16"]
[WhiteClock "0:01:07"]
[BlackClock "0:01:33"]

1. d4 d5 2. c4 dxc4 3. e3 e5 4. Bxc4 Nc6 5. d5 Na5 6. Bb5+ c6 7. dxc6 Qxd1+ 8. Kxd1 Nxc6 9. Nf3 f6 10. Ke2 Be6 11. Bd2 Bd6 12. Rc1 Ne7 13. Nc3 O-O 14. Ne4 Rfd8 15. Nxd6 Rxd6 16. Bc4 Kf7 17. Bxe6+ Kxe6 18. Rc2 Rad8 19. Rac1 e4 20. Ne1 Nd5 21. a3 Ne5 22. Rc4 Nxc4 23. Rxc4 Nf4+ 24. exf4 Rxd2+ 25. Ke3 f5 26. Rb4 Rd1 27. Nc2 R8d3+ 0-1


[Site "https://www.chess.com"]

[Event "Titled Tuesday Blitz November 15 Late 2022"]
[White "Kamsky, Gata"]
[Black "Domingo Nunez, Alejandro"]
[WhiteFideId "2000024"]
[BlackFideId "22245561"]
[WhiteElo "2666"]
[BlackElo "2242"]
[Result "0-1"]
[Round "02"]
[TimeControl "180+1"]
[Date "2022.11.16"]
[WhiteClock "0:00:03"]
[BlackClock "0:00:15"]

1. e4 g6 2. d4 Bg7 3. c3 c6 4. f4 d5 5. e5 Nh6 6. Nf3 O-O 7. Be2 f6 8. O-O Bg4 9. Be3 Qb6 10. Qb3 Nd7 11. Bf2 fxe5 12. fxe5 Nf5 13. h3 Bxf3 14. Bxf3 Bh6 15. Re1 e6 16. Na3 Bf4 17. Qxb6 Nxb6 18. Be2 Rf7 19. Bd3 Ng3 20. Be3 Raf8 21. Nc2 Nh5 22. b3 Bg3 23. Red1 Bf2+ 24. Bxf2 Rxf2 25. Ne3 Kg7 26. a4 Nc8 27. b4 Ne7 28. Ng4 R2f4 29. Rf1 Ng8 30. Rxf4 Nxf4 31. Bf1 h5 32. Nh2 g5 33. g3 Ng6 34. a5 Nh6 35. Bd3 Nf5 36. Bxf5 Rxf5 37. Rf1 Ne7 38. g4 Rxf1+ 39. Kxf1 h4 40. Nf3 Kh6 41. Nd2 Ng6 42. Kg2 Nf4+ 43. Kh2 Ne2 44. Nb1 b6 45. a6 Kg6 46. Kg2 Kf7 47. Kh2 Ke7 48. Kg2 Kd7 49. Kf3 Nf4 50. Nd2 Nxh3 51. c4 Nf4 52. c5 b5 53. Ke3 Ke7 54. Nf3 Nh3 55. Ke2 Kf7 56. Kf1 Kg6 57. Ke2 Nf4+ 58. Ke3 Kh6 59. Nh2 Ng6 60. Nf3 Nf8 61. Ng1 Nd7 62. Nf3 Nb8 63. Kd3 Nxa6 64. Kc3 Nb8 65. Kd3 Nd7 66. Ke3 Nf8 67. Nd2 Ng6 68. Nb3 Nf4 69. Kf3 Nd3 70. Na5 Nxb4 71. Kf2 Kg6 72. Kf3 Kf7 73. Kf2 Ke7 74. Kf3 Kd7 75. Kf2 Nc2 76. Nb3 Kc7 77. Kf3 Kb7 78. Na5+ Kc7 79. Nb3 a5 80. Nxa5 Nxd4+ 81. Kf2 b4 82. Ke3 h3 83. Kf2 b3 0-1


[Site "https://www.chess.com"]

[Event "Titled Tuesday Blitz November 15 Late 2022"]
[White "Kaufman, Raymond"]
[Black "Sabuk, Piotr"]
[WhiteFideId "2015056"]
[BlackFideId "1137565"]
[WhiteElo "2321"]
[BlackElo "2326"]
[Result "0-1"]
[Round "02"]
[TimeControl "180+1"]
[Date "2022.11.16"]
[WhiteClock "0:01:41"]
[BlackClock "0:01:24"]

1. e4 e5 2. Nf3 Nc6 3. Bb5 a6 4. Ba4 Nf6 5. O-O Be7 6. Re1 b5 7. Bb3 d6 8. c3 O-O 9. d4 Bg4 10. Be3 exd4 11. cxd4 Na5 12. Bc2 Nc4 13. Bc1 c5 14. b3 Nb6 15. Nbd2 Rc8 16. Bb2 Nfd7 17. h3 Bh5 18. g4 Bg6 19. d5 c4 20. Nd4 c3 21. Nc6 cxb2 22. Nxd8 bxa1=Q 23. Qxa1 Rfxd8 24. Bd1 Bf6 25. Qb1 Bc3 26. Qd3 Ne5 27. Qe3 f6 28. f4 Ned7 29. Rf1 Re8 30. f5 Bf7 31. Nf3 Nxd5 32. Qa7 N5b6 33. Qxa6 b4 34. Be2 Rxe4 35. Bb5 Ree8 36. Qb7 Bd5 37. Qa6 Ra8 0-1


[Site "https://www.chess.com"]

[Event "Titled Tuesday Blitz November 15 Late 2022"]
[White "Kleiman, Jake"]
[Black "Adury, Anant"]
[WhiteFideId "2020041"]
[BlackFideId "30964687"]
[WhiteElo "2769"]
[BlackElo "2242"]
[Result "0-1"]
[Round "02"]
[TimeControl "180+1"]
[Date "2022.11.16"]
[WhiteClock "0:00:14"]
[BlackClock "0:00:05"]

1. e4 d6 2. d4 Nf6 3. Nc3 e5 4. Nf3 Nc6 5. Bc4 exd4 6. Nxd4 Be7 7. O-O O-O 8. Nxc6 bxc6 9. Re1 a5 10. Bf4 Nd7 11. Rb1 Ne5 12. Bf1 Be6 13. b3 Bg5 14. Bg3 Qf6 15. Ne2 Bg4 16. f3 Bxf3 17. Bxe5 Be3+ 18. Kh1 dxe5 19. Qd3 Bxe2 20. Qxe3 Bxf1 21. Rxf1 Qe6 22. a4 f6 23. Rbd1 Rfd8 24. Qc5 Rd6 25. h3 Qd7 26. Rde1 Qe6 27. Re2 Qc8 28. Rf3 Qa6 29. Ref2 Qb6 30. Qc4+ Kh8 31. Qf7 Rg8 32. Qh5 Qd4 33. Qh4 Qd1+ 34. Kh2 Qc1 35. Rc3 Rd1 36. Qg4 Rh1+ 37. Kg3 Qe1 38. Rf3 Rf1 39. Qh4 Rxf2 40. Rxf2 Qe3+ 41. Kh2 Qc5 42. Qg3 Qd6 43. Qe3 Qd4 44. Qf3 c5 45. Re2 c4 46. c3 Qc5 47. bxc4 Qxc4 48. Rd2 Qxa4 49. Rd7 Qxd7 0-1


[Site "https://www.chess.com"]

[Event "Titled Tuesday Blitz November 15 Late 2022"]
[White "Kleinman, Michael"]
[Black "Krasteva, Beloslava"]
[WhiteFideId "2609479"]
[BlackFideId "2922029"]
[WhiteElo "2287"]
[BlackElo "2187"]
[Result "1-0"]
[Round "02"]
[TimeControl "180+1"]
[Date "2022.11.16"]
[WhiteClock "0:00:20"]
[BlackClock "0:00:02"]

1. e4 c5 2. Nf3 Nc6 3. Bb5 Nd4 4. Nxd4 cxd4 5. O-O a6 6. Bc4 e6 7. a4 Nf6 8. d3 d5 9. exd5 Nxd5 10. Nd2 Be7 11. Nf3 Nf6 12. Re1 O-O 13. Bf4 b6 14. Be5 Bc5 15. Rb1 a5 16. c3 dxc3 17. bxc3 Ba6 18. Qb3 Bxc4 19. Qxc4 Rc8 20. Qf4 Nd5 21. Qg3 f6 22. Bd4 e5 23. Bxc5 Rxc5 24. d4 exd4 25. cxd4 Rc4 26. h4 Rxa4 27. h5 h6 28. Nh4 Rb4 29. Nf5 Qd7 30. Rxb4 Nxb4 31. Re7 Qxe7 32. Nxe7+ Kf7 33. Nf5 Ke6 34. Nxg7+ Kd5 35. Nf5 a4 36. Qd6+ Kc4 37. Qxf8 1-0


[Site "https://www.chess.com"]

[Event "Titled Tuesday Blitz November 15 Late 2022"]
[White "Kollars, Dmitrij"]
[Black "Mr_Penings"]
[WhiteFideId "12909572"]
[WhiteElo "2584"]
[BlackElo "2669"]
[Result "1-0"]
[Round "02"]
[TimeControl "180+1"]
[Date "2022.11.15"]
[WhiteClock "0:00:26"]
[BlackClock "0:00:08"]

1. c4 Nf6 2. Nc3 e5 3. Nf3 d6 4. d4 Nbd7 5. e4 g6 6. Be2 Bg7 7. O-O O-O 8. Qc2 c6 9. Be3 Qe7 10. Rfe1 h6 11. h3 exd4 12. Nxd4 Nc5 13. Bf3 a5 14. Rad1 Nfd7 15. Nb3 Ne5 16. Be2 g5 17. Nxc5 dxc5 18. Na4 Nd7 19. Bg4 Re8 20. Bxd7 Bxd7 21. Bxc5 Qe6 22. Rd6 Qe7 23. Nb6 Rad8 24. Red1 Rf8 25. R6d5 Qe6 26. Rxd7 Rxd7 27. Rxd7 Re8 28. Qd3 Qe5 29. Rd8 Rxd8 30. Qxd8+ Kh7 31. Qe7 Qf4 32. g3 Qc1+ 33. Kg2 Qc2 34. b3 Qxa2 35. Qxf7 Qxb3 36. Bd4 1-0


[Site "https://www.chess.com"]

[Event "Titled Tuesday Blitz November 15 Late 2022"]
[White "Kopylov, Alexander A."]
[Black "Prithu Gupta"]
[WhiteFideId "4164857"]
[BlackFideId "46618546"]
[WhiteElo "2436"]
[BlackElo "2344"]
[Result "1/2-1/2"]
[Round "02"]
[TimeControl "180+1"]
[Date "2022.11.16"]
[WhiteClock "0:00:44"]
[BlackClock "0:00:44"]

1. e4 e5 2. Nf3 Nc6 3. Bc4 Nf6 4. d3 Bc5 5. Be3 Bb6 6. Nbd2 O-O 7. O-O d5 8. Bb3 Bxe3 9. fxe3 dxe4 10. Nxe4 Nxe4 11. dxe4 Qe7 12. Qd5 Be6 13. Qb5 Rab8 14. Bd5 f6 15. Nh4 Bxd5 16. exd5 Qb4 17. a4 Qxb5 18. axb5 Nb4 19. Rxa7 Nxc2 20. Rc1 Nxe3 21. Rxc7 Nxd5 22. Rcxb7 Rxb7 23. Rxb7 Rf7 24. Rb8+ Rf8 25. Rb7 Rf7 26. Rb8+ Rf8 27. Rb7 1/2-1/2


[Site "https://www.chess.com"]

[Event "Titled Tuesday Blitz November 15 Late 2022"]
[White "Korchmar, Vasiliy"]
[Black "Burke, Paul"]
[WhiteFideId "24131750"]
[BlackFideId "2605767"]
[WhiteElo "2370"]
[BlackElo "1809"]
[Result "1-0"]
[Round "02"]
[TimeControl "180+1"]
[Date "2022.11.16"]
[WhiteClock "0:00:29"]
[BlackClock "0:00:10"]

1. e4 e5 2. Nf3 Nc6 3. Bc4 Be7 4. Nc3 Nf6 5. d3 O-O 6. O-O d6 7. a4 Bg4 8. h3 Bh5 9. Be3 Qd7 10. a5 Kh8 11. a6 bxa6 12. Rxa6 Nd4 13. Bxd4 exd4 14. Nb1 c6 15. Nbd2 Qb7 16. Qa1 d5 17. exd5 cxd5 18. Bb3 Bb4 19. Qa4 Bxd2 20. Nxd2 Rfe8 21. Rxf6 gxf6 22. Qxd4 Qe7 23. Bxd5 Rad8 24. c4 Bg6 25. Nf3 Qd6 26. Ra1 a6 27. b4 Kg7 28. Qc3 Re2 29. Nd4 Ree8 30. Bc6 Re7 31. Bd5 Ree8 32. Qd2 Re7 33. Nc6 1-0


[Site "https://www.chess.com"]

[Event "Titled Tuesday Blitz November 15 Late 2022"]
[White "Kosakowski, Jakub"]
[Black "Khandelwal, Ankush"]
[WhiteFideId "1185080"]
[BlackFideId "413470"]
[WhiteElo "2463"]
[BlackElo "2271"]
[Result "1/2-1/2"]
[Round "02"]
[TimeControl "180+1"]
[Date "2022.11.16"]
[WhiteClock "0:00:24"]
[BlackClock "0:00:10"]

1. e4 c5 2. Nf3 d6 3. Bb5+ Nd7 4. Be2 Ngf6 5. Nc3 g6 6. d4 cxd4 7. Qxd4 Bg7 8. Bg5 O-O 9. Qe3 a6 10. O-O-O b5 11. h3 b4 12. Nd5 Nxd5 13. exd5 Qa5 14. Kb1 Nf6 15. Bc4 Bb7 16. Bh6 Bxd5 17. Bxg7 Bxc4 18. Bxf8 Qxa2+ 19. Kc1 Rxf8 20. b3 Bd5 21. Qd4 Rc8 22. Qb2 Qxb3 23. Qxb3 Bxb3 24. Nd4 Bxc2 25. Nxc2 b3 26. Rd2 Ne4 27. Re2 Nc3 28. Rd2 bxc2 29. Rxc2 Rc5 30. Kb2 Na4+ 31. Kb3 Rxc2 32. Kxc2 Nc5 33. Rb1 f5 34. Rb8+ Kf7 35. Kc3 Ne4+ 36. Kd4 Nxf2 37. Ra8 Ne4 38. Rxa6 e5+ 39. Ke3 Kf6 40. Ra7 h6 41. Rh7 Kg5 42. Rd7 Kh5 43. Kf3 Ng5+ 44. Kg3 Ne4+ 45. Kf3 Kg5 46. Rf7 d5 47. g3 d4 48. h4+ Kh5 49. Rh7 Nf6 50. Rf7 e4+ 51. Kg2 Ng4 52. Rd7 d3 53. Rd6 Ne3+ 54. Kh3 Nc4 55. Rd5 Ne3 56. Rd6 Ng4 57. Kg2 Ne5 58. Rd5 Ng4 59. Rd6 1/2-1/2


[Site "https://www.chess.com"]

[Event "Titled Tuesday Blitz November 15 Late 2022"]
[White "Koutlas, Nikolaos"]
[Black "Talibov, Shiroghlan"]
[WhiteFideId "25827138"]
[BlackFideId "13429078"]
[WhiteElo "2167"]
[BlackElo "2261"]
[Result "1-0"]
[Round "02"]
[TimeControl "180+1"]
[Date "2022.11.16"]
[WhiteClock "0:00:07"]
[BlackClock "0:00:04"]

1. e4 e6 2. d4 d5 3. Nd2 Nf6 4. e5 Nfd7 5. c3 c5 6. f4 Nc6 7. Ngf3 Qb6 8. dxc5 Nxc5 9. b4 Ne4 10. Nxe4 dxe4 11. Ng5 e3 12. Qd3 Bd7 13. Bxe3 Qc7 14. Rd1 Be7 15. Nxf7 Kxf7 16. Qxd7 Rac8 17. g4 Qb8 18. Qxe6+ Ke8 19. Bc4 Nd8 20. Qd7+ Kf8 21. Qf5+ Ke8 22. Bb5+ Nc6 23. O-O Qc7 24. Qe6 a6 25. Bc4 Rf8 26. Bb3 Nd8 27. Qd5 Nc6 28. Kh1 Rd8 29. Qe6 Rc8 30. Bb6 Nd8 31. Rxd8+ Qxd8 32. Bxd8 Rxd8 33. Qc4 Rd7 34. b5 Bd8 35. bxa6 Ke7 36. Ba4 Rc7 37. Qb4+ Kf7 38. a7 Be7 39. Bb3+ Ke8 40. Qb6 Kd7 41. a8=Q Rxa8 42. Be6+ Ke8 43. Qxc7 Rd8 44. Qxd8+ Kxd8 45. Bd5 Kc7 46. Be4 Bc5 47. Bxh7 1-0


[Site "https://www.chess.com"]

[Event "Titled Tuesday Blitz November 15 Late 2022"]
[White "Kumala, Aleksander"]
[Black "Horcajuelo Rocamora, Martin"]
[WhiteFideId "1141880"]
[BlackFideId "24573027"]
[WhiteElo "2269"]
[BlackElo "2094"]
[Result "0-1"]
[Round "02"]
[TimeControl "180+1"]
[Date "2022.11.16"]
[WhiteClock "0:00:11"]
[BlackClock "0:00:23"]

1. d4 Nf6 2. Bg5 Ne4 3. h4 Nxg5 4. hxg5 c5 5. d5 e6 6. Nf3 Qb6 7. dxe6 dxe6 8. g6 fxg6 9. e3 Nc6 10. Bd3 Ne7 11. Nbd2 Bd7 12. Ne5 O-O-O 13. Nf7 Rg8 14. Nc4 Qc7 15. Nxd8 Qxd8 16. Rxh7 Nc6 17. a4 Qg5 18. Qf3 Be7 19. a5 Rf8 20. Qg3 Qxg3 21. fxg3 Bf6 22. Bxg6 Ne5 23. Nxe5 Bxe5 24. O-O-O Bc6 25. e4 b5 26. axb6 axb6 27. g4 Rf6 28. Rxg7 Rf2 29. Rg8+ Kb7 30. Be8 Bxe4 31. Rd7+ Ka6 32. Bg6 Bd5 33. Bd3+ c4 34. Bh7 Bf4+ 35. Kb1 Rxg2 36. Ka2 c3+ 37. b3 Rg1 38. Ka3 Ra1+ 39. Kb4 Rd1 40. Bd3+ b5 41. Bxb5+ Kb6 42. Rf8 Rd4+ 43. Bc4 Be5 44. g5 Rg4 45. g6 Bxc4 46. bxc4 Kc6 47. Ra7 Bd6+ 48. Kxc3 Bxf8 49. Rf7 Bd6 50. g7 Rxg7 51. Rf3 Be5+ 52. Kd3 Rd7+ 53. Ke4 Bg7 54. Rg3 Bb2 55. Rg6 Rd6 56. Rh6 Kc5 57. Rh4 Rd4+ 0-1


[Site "https://www.chess.com"]

[Event "Titled Tuesday Blitz November 15 Late 2022"]
[White "Kuzmicz, Krystian"]
[Black "Xiong, Jeffery"]
[WhiteFideId "1119125"]
[BlackFideId "2047640"]
[WhiteElo "2380"]
[BlackElo "2725"]
[Result "0-1"]
[Round "02"]
[TimeControl "180+1"]
[Date "2022.11.15"]
[WhiteClock "0:00:14"]
[BlackClock "0:00:20"]

1. e4 c5 2. d3 d5 3. exd5 Qxd5 4. Nc3 Qd7 5. Nf3 Nc6 6. Be3 e5 7. g3 b6 8. Bg2 Bb7 9. O-O Bd6 10. Nd2 Nge7 11. Nc4 O-O 12. Qh5 Bc7 13. f4 exf4 14. Bxf4 Bxf4 15. Rxf4 Ng6 16. Rf2 Nd4 17. Ne4 Rae8 18. Raf1 Bxe4 19. Bxe4 b5 20. Ne3 Re5 21. Bf5 Qc6 22. Ng4 Rxf5 23. Rxf5 Ne2+ 24. Kf2 Nd4 25. Kg1 Nxf5 26. Qxf5 c4 27. d4 a6 28. c3 h6 29. h4 Qd6 30. Kg2 b4 31. h5 Ne7 32. Qe5 Qc6+ 33. Kh2 Nd5 34. cxb4 Nxb4 35. Nf6+ gxf6 36. Rxf6 Qd5 37. Qf4 Qxh5+ 38. Kg1 Nd5 0-1


[Site "https://www.chess.com"]

[Event "Titled Tuesday Blitz November 15 Late 2022"]
[White "Leenhouts, Koen"]
[Black "Saydaliev, Saidakbar"]
[WhiteFideId "1008439"]
[BlackFideId "14203693"]
[WhiteElo "2409"]
[BlackElo "2276"]
[Result "1-0"]
[Round "02"]
[TimeControl "180+1"]
[Date "2022.11.16"]
[WhiteClock "0:00:46"]
[BlackClock "0:01:42"]

1. d4 Nf6 2. c4 b6 3. Nc3 Bb7 4. d5 e5 5. Bg5 Bb4 6. e3 h6 7. Bxf6 Qxf6 8. Qc2 d6 9. Qa4+ Nc6 10. dxc6 Bxc3+ 11. bxc3 Bc8 12. Be2 Qg6 13. Nf3 e4 14. Nd4 Qxg2 15. Rf1 Bh3 16. O-O-O Qg5 17. Rg1 Qf6 18. Rg3 Be6 19. f4 exf3 20. Rxf3 Qe5 21. Qb5 Qxh2 22. Nxe6 fxe6 23. Rdf1 Qxe2 24. Qh5+ 1-0


[Site "https://www.chess.com"]

[Event "Titled Tuesday Blitz November 15 Late 2022"]
[White "Leschinsky, Gary"]
[Black "Milikow, Yoav"]
[WhiteFideId "30951321"]
[BlackFideId "2822237"]
[WhiteElo "1855"]
[BlackElo "2341"]
[Result "0-1"]
[Round "02"]
[TimeControl "180+1"]
[Date "2022.11.16"]
[WhiteClock "0:00:08"]
[BlackClock "0:00:33"]

1. d4 Nf6 2. c4 e6 3. Nc3 Bb4 4. e3 O-O 5. Bd2 d5 6. Nf3 b6 7. cxd5 exd5 8. Bd3 c5 9. O-O Bb7 10. dxc5 bxc5 11. a3 Ba5 12. b4 cxb4 13. axb4 Bxb4 14. Qb3 Nc6 15. Ne2 a5 16. Ned4 Rb8 17. Bxb4 Nxb4 18. Be2 Ne4 19. Qa3 Ra8 20. Rfc1 Qf6 21. Nb3 Nc3 22. Bf1 d4 23. Nfxd4 Ne4 24. Nf3 Bd5 25. Nxa5 Nc6 26. Rxc6 Bxc6 27. Rc1 Bd5 28. Qb4 Rfb8 29. Qe1 Qb2 30. Nc4 Bxc4 31. Bxc4 Rc8 32. Ne5 Qxe5 0-1


[Site "https://www.chess.com"]

[Event "Titled Tuesday Blitz November 15 Late 2022"]
[White "Li, Xueyi"]
[Black "Salman, Pavel"]
[WhiteFideId "8605912"]
[BlackFideId "24153753"]
[WhiteElo "2197"]
[BlackElo "2187"]
[Result "0-1"]
[Round "02"]
[TimeControl "180+1"]
[Date "2022.11.16"]
[WhiteClock "0:01:40"]
[BlackClock "0:02:29"]

1. d4 Nf6 2. c4 c5 3. d5 b5 4. cxb5 a6 5. bxa6 g6 6. Nc3 Bg7 7. Nf3 O-O 8. e4 Qa5 9. Bd3 Nxd5 10. exd5 Bxc3+ 11. Bd2 Bxd2+ 12. Qxd2 Qxd2+ 13. Kxd2 Bxa6 14. Bc2 d6 15. h4 h5 16. Ng5 Bc4 17. Be4 Rxa2 18. Rxa2 Bxa2 19. Kc3 Na6 20. b3 Rb8 21. Bc2 Nb4 22. Bd1 Nxd5+ 0-1


[Site "https://www.chess.com"]

[Event "Titled Tuesday Blitz November 15 Late 2022"]
[White "Lopez Del Alamo, Antonio"]
[Black "Girsh, Daniel"]
[WhiteFideId "2227339"]
[BlackFideId "30949190"]
[WhiteElo "2175"]
[BlackElo "2075"]
[Result "0-1"]
[Round "02"]
[TimeControl "180+1"]
[Date "2022.11.16"]
[WhiteClock "0:00:11"]
[BlackClock "0:00:38"]

1. e4 e5 2. Bc4 Nf6 3. d3 Bc5 4. Nc3 O-O 5. Nf3 Nc6 6. O-O h6 7. h3 Re8 8. Re1 Nd4 9. Nxd4 Bxd4 10. Ne2 Bb6 11. Ng3 d5 12. Bb3 dxe4 13. dxe4 Qxd1 14. Rxd1 c6 15. Nf5 Nxe4 16. Ne3 Kf8 17. f3 Nc5 18. Kf1 Nxb3 19. axb3 Be6 20. Nc4 Bxc4+ 21. bxc4 Rad8 22. Rxd8 Rxd8 23. Ke2 Ke7 24. b3 Ke6 25. Be3 Bxe3 26. Kxe3 a6 27. Re1 f5 28. Ra1 g5 29. Ke2 h5 30. Ra5 h4 31. Ra4 Kd6 32. Ra5 Re8 33. Ke3 c5 34. Ra2 e4 35. Ra1 f4+ 36. Ke2 e3 37. Rd1+ Kc7 38. Rd5 b6 39. Rxg5 Rd8 40. Rg4 Rd2+ 41. Ke1 Rxc2 42. Rxh4 Rxg2 43. Rxf4 b5 44. Re4 bxc4 45. bxc4 Rc2 46. Rxe3 Rxc4 47. Ra3 Kb6 48. Kf2 Kb5 49. Kg3 a5 50. h4 a4 51. h5 Rc1 52. Kg2 Rc2+ 53. Kg3 Rc1 54. Kg2 Re1 55. h6 Re6 56. h7 Rh6 57. Kf2 Rxh7 58. Re3 Kb4 59. Ke2 a3 60. Kd2 Rh2+ 61. Kd3 c4+ 62. Kd4 Rd2+ 63. Ke5 a2 64. Re1 Re2+ 65. Rxe2 a1=Q+ 66. Ke4 Qa8+ 67. Kf4 Qf8+ 68. Kg3 Qg7+ 69. Kf2 Qd4+ 0-1


[Site "https://www.chess.com"]

[Event "Titled Tuesday Blitz November 15 Late 2022"]
[White "Luxama, Jacques Muller"]
[Black "D`Arruda, Ricardo D."]
[WhiteFideId "11900113"]
[BlackFideId "100692"]
[WhiteElo "1931"]
[BlackElo "2494"]
[Result "1-0"]
[Round "02"]
[TimeControl "180+1"]
[Date "2022.11.16"]
[WhiteClock "0:00:26"]
[BlackClock "0:01:36"]

1. e4 c5 2. Nf3 Nc6 3. d4 cxd4 4. Nxd4 e5 5. Nb5 a6 6. Nd6+ Bxd6 7. Qxd6 Qe7 8. Qd1 Nf6 9. Nc3 d6 10. Bg5 Be6 11. Qd2 h6 12. Be3 O-O 13. f3 Rfd8 14. Nd5 Bxd5 15. exd5 Nd4 16. c3 Nxd5 17. Bf2 Nf4 18. cxd4 exd4+ 19. Kd1 Ne6 20. Bd3 Qf6 21. Re1 Rac8 22. Ke2 Nf4+ 23. Kf1 Rc5 24. Bg3 Nh5 25. Rac1 Nxg3+ 26. hxg3 Rg5 27. Qf4 Qxf4 28. gxf4 Rc5 29. Rxc5 dxc5 30. b3 b5 31. Rc1 Rc8 32. a4 c4 33. bxc4 bxa4 34. c5 a3 35. Bxa6 Ra8 36. Bb7 Ra7 37. c6 a2 38. Ra1 Kh7 39. c7 Rxb7 40. c8=Q Rb1+ 41. Qc1 Rxa1 42. Qxa1 1-0


[Site "https://www.chess.com"]

[Event "Titled Tuesday Blitz November 15 Late 2022"]
[White "Makridis, Dimitrios"]
[Black "Klenburg, Michael"]
[WhiteFideId "25864475"]
[BlackFideId "14102072"]
[WhiteElo "2272"]
[BlackElo "2405"]
[Result "1-0"]
[Round "02"]
[TimeControl "180+1"]
[Date "2022.11.16"]
[WhiteClock "0:00:05"]
[BlackClock "0:00:32"]

1. e4 d6 2. Nc3 Nf6 3. d4 g6 4. f4 Bg7 5. Nf3 c5 6. dxc5 Qa5 7. cxd6 Nxe4 8. dxe7 Nc6 9. Bd3 Nxc3 10. bxc3 Qxc3+ 11. Kf2 Qxa1 12. Bb5 Bd7 13. Re1 Qc3 14. Kf1 Qc5 15. c4 a6 16. Be3 Qa3 17. Bxc6 Bxc6 18. Bb6 Bd7 19. Qd5 Qa4 20. Ng5 Qxc4+ 21. Qxc4 Bb5 22. Qxb5+ axb5 23. Rd1 Kxe7 24. Re1+ Kd7 25. Nxf7 Rhe8 26. Rd1+ Kc6 27. Rd6# 1-0


[Site "https://www.chess.com"]